 Dungeon Crawl Stone Soup version 0.18-a0-1666-g3ea6f2b (webtiles) character file.

155 Proxyma the Ducker (level 5, -2/49 HPs)
             Began as a Deep Dwarf Berserker on Mar 31, 2016.
             Was a Priest of Trog.
             Slain by a goblin (3 damage)
             ... led by Robin
             ... on level 3 of the Dungeon.
             The game lasted 00:18:47 (3145 turns).

Proxyma the Ducker (Deep Dwarf Berserker)           Turns: 3145, Time: 00:18:48

Health: -2/49      AC:  4    Str: 22    XL:     5   Next: 14%
Magic:  5/5        EV: 12    Int:  7    God:    Trog [***...]
Gold:   76         SH:  0    Dex: 12    Spells: 0 memorised, 4 levels left

rFire  . . .     SeeInvis .     q - +0 quarterstaff
rCold  . . .     Gourm    .     p - -2 ring mail (curse)
rNeg   . . .     Faith    .     (shield currently unavailable)
rPois  .         Spirit   .     (no helmet)
rElec  .         Dismiss  .     s - +0 cloak
rCorr  .         Reflect  .     (no gloves)
SustAt .         Harm     .     (no boots)
MR     .....                    (no amulet)
Stlth  +.........               (no ring)
                                z - ring of flight

@: lethally poisoned (-2 -> -2), flying, non-regenerating, not resistant to
hostile enchantments, very unstealthy
A: damage resistance, recharge devices, sense surroundings 1, slow regeneration
3
a: Device Recharging, Berserk, Trog's Hand, Burn Spellbooks, Renounce Religion


You were on level 3 of the Dungeon.
You worshipped Trog.
Trog was most pleased with you.
You were full.

You visited 1 branch of the dungeon, and saw 3 of its levels.

You collected 76 gold pieces.

Inventory:

Hand Weapons
 a - a +0 hand axe
 e - a +0 whip
 f - a +0 hunting sling
 g - a +0 club
 j - a +0 short sword
 n - a +0 short sword
 q - a +0 quarterstaff (weapon)
 y - a +0 whip
Missiles
 h - 8 needles of sleeping
 r - 6 tomahawks (quivered)
Armour
 b - a +0 animal skin
 d - a +0 robe
 p - a cursed -2 ring mail (worn)
 s - a +0 cloak (worn)
 t - a +0 robe
 w - a +0 plate armour
 x - a +0 leather armour
Jewellery
 z - a ring of flight (left hand)
Wands
 c - a wand of heal wounds (4/9)
Scrolls
 i - a scroll of amnesia {unknown}
 k - 4 scrolls of magic mapping {unknown}
 m - a scroll of identify {unknown}
 o - a scroll of teleportation {unknown}
Potions
 l - a potion of flight
 u - a potion of magic {unknown}
 v - 2 potions of might {unknown}
Books
 A - a book of Unlife

   Spells                             Type                      Level
   a - Recall                         Summoning/Translocation      3
   b - Animate Dead                   Necromancy                   4
   c - Control Undead                 Necromancy                   4
   d - Cigotuvi's Embrace             Necromancy                   5
   e - Death Channel                  Necromancy                   6
   f - Simulacrum                     Ice/Necromancy               6
   Trog disapproves of the use of such an item.


   Skills:
 + Level 3.5 Fighting
 + Level 3.7 Axes
 + Level 1.0 Staves
 + Level 3.1 Armour
 + Level 3.9 Dodging
 + Level 0.3 Stealth


You had 4 spell levels left.
You didn't know any spells.

Dungeon Overview and Level Annotations

Branches:
Dungeon (3/15)

Altars:
Trog

Annotations:
D:3 Robin


Innate Abilities, Weirdness & Mutations

You are resistant to damage.
You can recharge devices by infusing magical energy.
You passively map a small area around you.
You do not regenerate naturally.


Message History

* * * LOW HITPOINT WARNING * * *
It was a potion of flight.
You feel very buoyant.
You fly up into the air.
Robin closely misses you. The goblin barely misses you.
The goblin hits you but does no damage.
You thump the goblin!
You kill the goblin!
Trog accepts your kill. The goblin closely misses you.
The goblin barely misses you. Robin hits you but does no damage.
The goblin closely misses you.
You closely miss the goblin. The goblin barely misses you.
The goblin closely misses you. Robin closely misses you.
You sock the goblin!
You kill the goblin!
Trog accepts your kill. The goblin barely misses you. Robin barely misses you.
The goblin misses you.
You hit Robin.
Robin is moderately wounded.
The goblin hits you.
You die...

#.#<..#..........#
#...###...8......#
..#..............##########
#†#..#.#......[..##.......#
#.####.###.......##....... #####
.......# #.......##..... #...#
##.##### #.......##...#* * #...#
...##########..g###...#######...#
...............)@)'(((÷(..(......
.#.#############g.....########'##
.._..###########......### #...##
>#.#..)†..........8...).# #...'.
#...###########......##.## #...##
#...# #......##..# #...## #...#
##########.###...## #...#
#..##...## #...# ##.##...##


You could see Robin and a goblin.

Vanquished Creatures
  Ijyb (D:3)
  A hound skeleton (D:3)
  2 adders
  An ooze (D:3)
  An adder zombie (D:3)
  A worm (D:3)
  A dart slug (D:1)
  3 giant geckos
  4 ball pythons
  15 bats
  4 giant cockroaches
  9 hobgoblins
  12 kobolds
  A quokka (D:2)
  A giant cockroach zombie (D:3)
  5 giant newts
  17 goblins
  A quokka zombie (D:3)
  10 rats
  A withered plant (D:3)
91 creatures vanquished.

Notes
Turn   | Place    | Note
--------------------------------------------------------------
     0 | D:1      | Proxyma the Deep Dwarf Berserker began the quest for the Orb.
     0 | D:1      | Reached XP level 1. HP: 20/20 MP: 1/1
   100 | D:1      | Reached XP level 2. HP: 22/27 MP: 2/2
   354 | D:1      | Reached ** piety under Trog
   811 | D:1      | Reached XP level 3. HP: 34/34 MP: 3/3
  2145 | D:2      | Reached *** piety under Trog
  2510 | D:3      | Reached XP level 4. HP: 16/42 MP: 4/4
  2590 | D:3      | Found a bloodstained altar of Trog.
  2808 | D:3      | Noticed Ijyb
  2818 | D:3      | Killed Ijyb
  2818 | D:3      | Reached XP level 5. HP: 11/49 MP: 5/5
  3075 | D:3      | Reached skill level 1 in Staves
  3134 | D:3      | Noticed Robin
  3140 | D:3      | HP: 1/49 [goblin/club[Robin] (2)]
  3145 | D:3      | Slain by a goblin

Vault maps used:
D:1:      dpeg_arrival_simpleton_c, minivault_23,
          hangedman_decor_clover_reticule, minmay_misc_feat_tiny,
          hangedman_decor_slide_cut, serial_park_tiny_pond
D:3:      lemuel_crystal_altar, serial_undead, serial_undead_d, serial_undead_c,
          serial_undead_d, serial_undead_b, serial_undead_a, serial_undead_b,
          serial_undead_d, first_bread, uniq_robin, uniq_iyjb

Skill      XL: |  1  2  3  4  5 |
---------------+----------------+-----
Fighting       | 3 |  3.5
Dodging        | 3 |  3.9
Armour         | 3 |  3.1
Staves         | 1 |  1.0
Axes           | |  3.7
Stealth        | |  0.3

Action                   |  1- 3 |  4- 6 || total
-------------------------+-------+-------++-------
Melee: Hand axe          |   121 |       ||   121
       Quarterstaff      |    48 |   133 ||   181
Evoke: Wand              |     1 |       ||     1
  Use: Potion            |       |     4 ||     4
 Stab: Sleeping          |     1 |       ||     1
  Eat: Beef jerky        |     1 |       ||     1
       Bread ration      |     1 |       ||     1
       Pizza             |     1 |       ||     1
       Meat ration       |       |     1 ||     1
